 Dungeon Crawl Stone Soup version 0.30-a0-1163-gf69bf04e7a (webtiles) character file.

Game seed: 9391781708816366872

3736 Esekla the Covert (level 10, -2/68 HPs)
             Began as an Octopode Delver on Apr 28, 2023.
             Was an Initiate of Gozag.
             Slain by a wraith (13 damage)
             ... on level 9 of the Dungeon.
             The game lasted 00:48:50 (8455 turns).

Esekla the Covert (Octopode Delver)                 Turns: 8455, Time: 00:48:50

Health: -2/68      AC:  1    Str: 14    XL:     10   Next: 15%
Magic:  16/16      EV: 15    Int: 19    God:    Gozag
Gold:   1080       SH:  0    Dex: 14    Spells: 15/17 levels left

rFire   + . .        s - +11 short sword of Guile {heavy, Str+3 Int+2}
rCold   + . .        (no shield)
rNeg    . . .        (helmet restricted)
rPois   .            (no amulet)
rElec   .            g - ring of see invisible
rCorr   .            t - ring of protection from fire
SInv    +            h - ring of protection from cold
Will    .....        (no ring)
Stlth   ++++++       (no ring)
HPRegen 0.31/turn    (no ring)
MPRegen 0.15/turn    (no ring)
                     (no ring)

%: no passive effects
@: slowed, very slow
A: almost no armour, amphibious, 8 rings, camouflage 1, gelatinous body 1,
(nimble swimmer 1), tentacles
a: Renounce Religion, Potion Petition, Call Merchant, Bribe Branch


You were on level 9 of the Dungeon.
You worshipped Gozag.
Gozag was most pleased with you.
You visited 2 branches of the dungeon, and saw 10 of its levels.
You also visited: Sewer, Ossuary and Bailey.

You collected 1892 gold pieces.
You spent 105 gold pieces at shops.
You paid 707 gold pieces to Gozag.

Inventory:

Hand Weapons
 a - a +0 falchion
 r - a +0 trident
 s - the +11 short sword of Guile (weapon) {heavy, Str+3 Int+2}
   (You found it on level 6 of the Dungeon)

   Str:       It affects your strength (+3).
   Int:       It affects your intelligence (+2).
 K - a +1 halberd of electrocution
 L - a +2 halberd of electrocution
Missiles
 j - 3 throwing nets
 y - 20 poisoned darts (quivered)
 F - 7 javelins
Jewellery
 g - a ring of see invisible (left tentacle)
 h - a ring of protection from cold (on tentacle)
 t - a ring of protection from fire (right tentacle)
 B - a ring of fire
 P - a ring of ice
Wands
 f - a wand of digging (2)
 E - a wand of quicksilver (6)
 O - a wand of paralysis (9)
Scrolls
 b - 3 scrolls of fog
 c - a scroll of amnesia {unknown}
 k - 2 scrolls of silence
 l - 2 scrolls of blinking
 o - 7 scrolls of teleportation
 p - a scroll of summoning {unknown}
 u - 2 scrolls of enchant weapon {unknown}
 v - 3 scrolls of enchant armour
 w - 2 scrolls of vulnerability {unknown}
 A - 2 scrolls of immolation {unknown}
 C - a scroll of torment {unknown}
 G - a scroll of poison {unknown}
 H - a scroll of brand weapon {unknown}
 N - 3 scrolls of acquirement
Potions
 d - 4 potions of heal wounds
 e - 6 potions of haste
 i - 5 potions of attraction
 m - 2 potions of experience
 n - 4 potions of brilliance
 q - a potion of mutation {unknown}
 x - 5 potions of might
 z - a potion of berserk rage
 D - 4 potions of curing
 I - 3 potions of invisibility
 J - 2 potions of magic
 M - 4 potions of cancellation {unknown}


   Skills:
 * Level 6.1 Fighting
 + Level 4.1(5.7) Short Blades
 * Level 6.0(6.6) Long Blades
 + Level 1.3 Throwing
 * Level 5.7 Dodging
 + Level 11.6 Stealth
 * Level 4.4 Spellcasting
 + Level 4.0 Translocations
 + Level 0.5 Evocations


You had 15 spell levels left.
You knew the following spells:

 Your Spells              Type           Power      Damage    Failure   Level
b - Blink                 Tloc           38%        N/A       3%          2

Your spell library contained the following spells:

 Spells                   Type           Power      Damage    Failure   Level
 Portal Projectile        Hex/Tloc       22%        N/A       17%         3
 Manifold Assault         Tloc           19%        N/A       26%         4
 Tukima's Dance           Hex            4%         N/A       36%         3
 Blade Hands              Tmut           2%         N/A       98%         5
 Malign Gateway           Summ/Tloc      5%         N/A       100%        7
 Storm Form               Tmut/Air       2%         N/A       100%        7
 Summon Horrible Things   Summ           2%         N/A       100%        8


Dungeon Overview and Level Annotations

Branches:
Dungeon (9/15)             Temple (1/1) D:5           Sewer (visited)
Ossuary (visited)          Bailey (visited)
   Lair: D:8-11         Orc: D:9-12

Altars:
Ashenzari
Dithmenos
Gozag
Makhleb
Nemelex Xobeh
Qazlal
Sif Muna
Uskayaw
Vehumet
Xom

Shops:
D:7 ?

Annotations:
D:5 1 runed translucent door, freelancePsychic's ghost, weakling VSDe


Innate Abilities, Weirdness & Mutations

You cannot wear most types of armour.
You are amphibious.
You can wear up to eight rings at the same time.
Your skin changes colour to match your surroundings (Stealth+).
Your rubbery body absorbs attacks. (AC +1, EV +1)
((You are camouflaged when in or above water. (Stealth+)))
You have tentacles for arms and can constrict up to eight enemies at once.


Message History

The wraith misses you.
You barely miss the wraith.
The wraith is heavily damaged.
The wraith closely misses you. The wraith hits you!
The wraith drains your vigour!
You feel as though you will be slow longer.
You completely miss the wraith.
The wraith is heavily damaged.
The wraith hits you!
* * * LOW HITPOINT WARNING * * *
The wraith drains your vigour!
You feel as though you will be slow longer.
The wraith misses you.
You feel much better. The wraith hits you! The wraith drains your vigour!
You feel as though you will be slow longer.
You hit the wraith.
The wraith is heavily damaged.
The wraith closely misses you. The wraith hits you!
The wraith drains your vigour!
You feel as though you will be slow longer.
You hit the wraith.
You squeeze the wraith, but do no damage.
The wraith is severely damaged.
The wraith hits you!
* * * LOW HITPOINT WARNING * * *
The wraith drains your vigour!
You feel as though you will be slow longer.
You feel much better. The wraith hits you! The wraith drains your vigour!
You feel as though you will be slow longer.
The wraith hits you! The wraith drains your vigour!
You feel as though you will be slow longer.
You hit the wraith but do no damage.
The wraith is heavily damaged.
The wraith hits you!
* * * LOW HITPOINT WARNING * * *
The wraith drains your vigour!
You feel as though you will be slow longer.
The wraith hits you!
You die...
Your body crumbles into a pile of gold.

###......~......#
#....(........#
#....~~~......#
#....~~.......#
#.............#
#.[...........#
#.............#
....####W########
.... #@# .....
#...(# ...#
####.# # $ $


You could see a wraith.

Vanquished Creatures
  A wyvern (D:9)
  A steam dragon (D:8)
  Edmund (D:5)
  2 water moccasins
  Pargi (Sewer)
  A hornet zombie (Ossuary)
  An ice beast (D:6)
  3 black bears
  2 orc warriors
  An ogre (D:5)
  2 centaurs
  A kobold brigand (D:7)
  A bullfrog (D:7)
  A wyvern zombie (Ossuary)
  2 scorpions
  4 water moccasin zombies (Ossuary)
  A killer bee (D:8)
  2 jellies
  A howler monkey (D:4)
  6 bullfrog zombies (Ossuary)
  3 centaur zombies (Ossuary)
  3 hounds
  A gnoll bouda (D:8)
  Ijyb (D:3)
  8 iguanas
  2 orc wizards
  Natasha (thrice) (D:3)
  A killer bee zombie (Ossuary)
  2 howler monkey zombies (Ossuary)
  14 mummies
  19 gnolls
  9 adders
  2 shadow imps (D:5)
  A dart slug (D:4)
  23 orcs
  7 bats
  5 endoplasms
  12 giant cockroaches
  13 goblins
  8 hobgoblins
  5 jackals
  7 kobolds
  7 quokkas
  9 ball pythons
  2 frilled lizards
  A hobgoblin zombie (D:4)
  3 kobold zombies (D:4)
  2 quokka zombies (D:7)
  9 rats
217 creatures vanquished.

Vanquished Creatures (others)
  4 withered plants (Ossuary)
4 creatures vanquished.

Grand Total: 221 creatures vanquished

Notes
Turn   | Place    | Note
-------+----------+-------------------------------------------
     0 | D:5      | Esekla the Octopode Delver began the quest for the Orb.
     0 | D:5      | Reached XP level 1. HP: 16/16 MP: 1/1
     6 | D:5      | Noticed Edmund
    66 | D:5      | Found a staircase to the Ecumenical Temple.
    76 | Temple   | Entered the Ecumenical Temple
   133 | Temple   | Became a worshipper of Gozag Ym Sagoz the Greedy
   278 | D:4      | Noticed an iguana
   323 | D:3      | Noticed Ijyb
   329 | D:3      | Found a faded altar of an unknown god.
   342 | D:3      | Noticed a hound
   351 | D:3      | Killed a hound
   352 | D:3      | Reached skill level 7 in Stealth
   352 | D:3      | Reached XP level 2. HP: 20/21 MP: 2/2
   352 | D:3      | Reached XP level 3. HP: 25/26 MP: 3/3
   415 | D:3      | Found a shimmering blue altar of Sif Muna.
   463 | D:3      | Noticed Natasha
   471 | D:3      | Killed Natasha
   472 | D:3      | Reached XP level 4. HP: 31/31 MP: 3/5
   707 | D:3      | Reached skill level 1 in Spellcasting
   708 | D:3      | Found a glowing drain.
   720 | Sewer    | Entered a sewer
   768 | Sewer    | Noticed Pargi
   921 | Sewer    | Killed Pargi
   922 | Sewer    | Reached skill level 8 in Stealth
   922 | Sewer    | Reached XP level 5. HP: 34/37 MP: 5/7
  1021 | D:3      | Noticed Natasha
  1028 | D:3      | Killed Natasha
  1183 | D:2      | Identified the +3 ring mail of Lethargy {+Inv rCorr}
  1417 | D:2      | Reached XP level 6. HP: 43/43 MP: 8/8
  2527 | D:3      | Noticed Natasha
  2547 | D:3      | Killed Natasha
  2719 | D:3      | Learned a level 2 spell: Blink
  2769 | D:3      | Killed Ijyb
  3686 | D:4      | Reached XP level 7. HP: 5/48 MP: 8/10
  4208 | D:4      | Reached skill level 9 in Stealth
  4391 | D:5      | Identified the +0 robe of Ygualar {rN+ Int+2}
  4399 | D:5      | Killed Edmund
  4400 | D:5      | Reached skill level 1 in Translocations
  4424 | D:5      | Identified the +0 scale mail of Failure {Drain rPois rN++
                  | Stlth+}
  4430 | D:5      | Found a runed translucent door.
  4486 | D:5      | Noticed freelancePsychic's ghost (weakling VSDe)
  4870 | D:5      | Reached XP level 8. HP: 54/54 MP: 11/11
  5042 | D:5      | Reached skill level 1 in Short Blades
  5042 | D:5      | Reached skill level 10 in Stealth
  5147 | D:6      | Identified the +11 short sword of Guile {heavy, Str+3
                  | Int+2}
  5250 | D:6      | Reached skill level 5 in Long Blades
  5459 | D:6      | Reached skill level 5 in Fighting
  5704 | D:7      | Found a flagged portal.
  5716 | D:7      | Reached XP level 9. HP: 42/61 MP: 13/13
  5727 | D:7      | Bought a scroll of teleportation for 45 gold pieces
  5727 | D:7      | Bought a scroll of identify for 30 gold pieces
  5727 | D:7      | Bought a scroll of identify for 30 gold pieces
  5734 | Bailey   | Entered a bailey
  6177 | D:7      | Found a sand-covered staircase.
  6193 | Ossuary  | Entered an ossuary
  6205 | Ossuary  | Reached skill level 11 in Stealth
  6291 | Ossuary  | Reached skill level 5 in Dodging
  6350 | Ossuary  | Reached skill level 1 in Throwing
  7111 | D:8      | Reached XP level 10. HP: 38/68 MP: 16/16
  7322 | D:8      | Identified the +8 rapier "Pacuzxas" {spect, Fragile Fly rN+
                  | Str+2}
  8455 | D:9      | Slain by a wraith

Illustrated notes

Levels and vault maps discovered:
D:1:      ebering_trefoil_twist, layout_loops_ring
D:2:      layout_rooms, minmay_joined_circles
D:3:      layout_basic, nicolae_sif_muna_little_library,
          gup_sewer_entry_bubbles, hellmonk_ecumenical_altar_arch_garden,
          minmay_unequal, uniq_natasha, uniq_ijyb
D:4:      layout_gridville, minmay_mini_ossuary
D:5:      nicolae_cairo_tiling_very_big, layout_basic, minmay_temple_entry_mist,
          ebering_ghost_sewer_d, uniq_edmund
D:6:      layout_rooms, nicolae_fountain_basement
D:7:      layout_rooms, enter_bailey_5, enter_ossuary_4
D:8:      layout_loops_corners, kennysheep_generic_room_16
D:9:      layout_basic, chequers_temple_overflow_statue_of_worship, minitemple,
          uniq_pikel
Temple:   kb_temple_of_zot

Skill      XL: |  1  2  3  4  5  6  7  8  9 10 |
---------------+-------------------------------+-----
Stealth        | 7 8 9 10 11 | 11.6
Spellcasting   | 1 2 3 4 |  4.4
Long Blades    | 3 4 5 6 |  6.0
Dodging        | 3 4 5 |  5.7
Fighting       | 4 5 6 |  6.1
Translocations | 1 2 3 4 |  4.0
Short Blades   | 1 3 4 |  4.1
Throwing       | 1 |  1.3
Evocations     | |  0.5

Action                     |  1- 3 |  4- 6 |  7- 9 | 10-12 || total
---------------------------+-------+-------+-------+-------++-------
  Melee: Falchion          |    12 |    77 |    50 |       ||   139
         Tentacles         |     4 |    20 |    54 |     7 ||    85
         Constrict         |     3 |    24 |    53 |     5 ||    85
         Dagger            |     2 |    64 |    13 |       ||    79
         Punch             |       |     1 |     5 |       ||     6
         Short sword       |       |       |   175 |    32 ||   207
  Throw: Dart              |       |     1 |    17 |       ||    18
         Javelin           |       |       |     7 |       ||     7
 Invoke: Call Merchant     |       |       |     1 |       ||     1
  Evoke: Wand              |       |     9 |     1 |       ||    10
    Use: Scroll            |     1 |     9 |     6 |       ||    16
         Potion            |       |     1 |     2 |     3 ||     6
   Stab: Sleeping          |     2 |    43 |    32 |     2 ||    79
         Distracted        |       |     2 |     3 |     1 ||     6
 Armour: Skin              |     1 |     4 |    10 |     1 ||    16
  Dodge: Dodged            |     5 |    58 |   154 |    27 ||   244

Table legend: (Time is in decaauts)
 A = Elapsed time spent in this place.
 B = Non-inter-level travel time spent in this place.
 C = Inter-level travel time spent in this place.
 D = Time resting spent in this place.
 E = Time spent auto-exploring this place.
 F = Levels seen in this place.
 G = Mean time per level.
                   A        B        C        D        E       F      G
               +--------+--------+--------+--------+--------+-----+--------+
         Total |   8442 |   8217 |    225 |   1283 |   2342 |  13 |  649.4 |
       Dungeon |   7222 |   7031 |    191 |   1049 |   2281 |   9 |  802.4 |
        Temple |     91 |     57 |     34 |      0 |     42 |   1 |   91.0 |
         Sewer |    204 |    204 |      0 |     51 |      0 |   1 |  204.0 |
       Ossuary |    549 |    549 |      0 |    183 |      3 |   1 |  549.0 |
        Bailey |    373 |    373 |      0 |      0 |     16 |   1 |  373.0 |
               +--------+--------+--------+--------+--------+-----+--------+

Top non-repeatable levels by time:
     D:3: 1606 daAuts
     D:8: 1215 daAuts
     D:4: 1036 daAuts
     D:5: 866 daAuts
     D:1: 634 daAuts
     D:6: 616 daAuts
     D:2: 608 daAuts
     D:7: 592 daAuts
 Ossuary: 549 daAuts
  Bailey: 373 daAuts
   Sewer: 204 daAuts
  Temple: 91 daAuts
     D:9: 47 daAuts
